 Seeded DCSS version 0.31-a0-237-g2d982f9f85 (webtiles) character file.

Game seed: 17534068631569876614 (custom seed)

36 innerfire43 the Ducker (level 3, -3/29 HPs)
             Began as a Demonspawn Monk on July 11, 2023.
             Slain by Terence
             ... wielding a +0 heavy falchion
              (13 damage)
             ... on level 1 of the Dungeon.
             The game lasted 00:01:23 (665 turns).

innerfire43 the Ducker (Demonspawn Monk)             Turns: 665, Time: 00:01:23

Health: -3/29      AC:  2    Str: 13    XL:     3   Next: 19%
Magic:  3/3        EV:  8    Int: 11    God:
Gold:   43         SH: 11    Dex: 15    Spells: 2/2 levels left

rFire   . . .        a - +0 hand axe
rCold   . . .        k - +0 tower shield
rNeg    . . .        b - +0 robe
rPois   .            (no helmet)
rElec   .            (no cloak)
rCorr   .            (no gloves)
SInv    +            (no boots)
Will    .....        m - amulet of the acrobat
Stlth   +            i - ring of see invisible
HPRegen 0.24/turn    (no ring)
MPRegen 0.08/turn

%: acrobat
@: no status effects
A: demonic magic 1
a: no special abilities


You were on level 1 of the Dungeon.
You visited 1 branch of the dungeon, and saw 2 of its levels.

You collected 43 gold pieces.

Inventory:

Hand Weapons
 a - a +0 hand axe (weapon)
Armour
 b - a +0 robe (worn)
 d - an orb of light
 k - a +0 tower shield (worn)
Jewellery
 i - a ring of see invisible (left hand)
 m - an amulet of the acrobat (around neck)
Scrolls
 e - 3 scrolls of amnesia {unknown}
 f - 2 scrolls of immolation {unknown}
 h - 2 scrolls of identify {unknown}
 j - a scroll of noise {unknown}
Potions
 g - 2 potions of haste {unknown}
 l - a potion of curing {unknown}


   Skills:
 - Level 3.0 Fighting
 + Level 3.0 Axes
 + Level 1.0 Armour
 * Level 3.4 Dodging


You had 2 spell levels left.
You didn't know any spells.
Your spell library was empty.

Dungeon Overview and Level Annotations

Branches:
Dungeon (2/15)

Altars:

Annotations:
D:1 Terence


Innate Abilities, Weirdness & Mutations

Spells you cast may paralyse adjacent enemies.


Message History

Terence hits you with a +0 heavy falchion!
* * * LOW HITPOINT WARNING * * *
Terence misses you.
There is a stone staircase leading down, spattered with blood here.
Things that are here:
3 stones; a +0 short sword Terence completely misses you.
You feel less invigorated.
You feel less confused. You block Terence's attack.
You hit Terence.
Terence is lightly wounded.
You block Terence's attack.
You barely miss Terence.
Terence is lightly wounded.
Terence hits you with a +0 heavy falchion!
You completely miss Terence.
Terence is lightly wounded.
Terence looks scornfully at you. You block Terence's attack.
You barely miss Terence.
Terence is lightly wounded.
Terence hits you with a +0 heavy falchion.
You hit Terence but do no damage.
Terence is lightly wounded.
Terence hits you with a +0 heavy falchion!
* * * LOW HITPOINT WARNING * * *
You closely miss Terence.
Terence is lightly wounded.
Terence barely misses you. x2
You hit Terence.
Terence is moderately wounded.
You block Terence's attack.
You barely miss Terence.
Terence is moderately wounded.
You block Terence's attack.
You closely miss Terence.
Terence is moderately wounded.
Terence hits you with a +0 heavy falchion!
You die...

#............# #.........#...
#............# #.##.##.......
#............###.##.##.####..
#..............).##....# ###
####.........####......# #
##.........###..##..### #
#.....................### #
#.........@(..####.##...###
#.........@........####....
######............## #####
#.......###### #.......#
#.......# #.......# #.......#
#.......# #########


You could see Terence.

Vanquished Creatures
  2 dart slugs
  2 endoplasms
  A giant cockroach (D:1)
  4 goblins (D:1)
  3 hobgoblins (D:1)
  5 kobolds (D:1)
  2 quokkas (D:1)
  A ball python (D:1)
  3 bats
  3 frilled lizards (D:1)
  4 rats
30 creatures vanquished.

Notes
Turn   | Place    | Note
-------+----------+-------------------------------------------
     0 | D:1      | innerfire43 the Demonspawn Monk began the quest for the
                  | Orb.
     0 | D:1      | Reached XP level 1. HP: 18/18 MP: 1/1
    64 | D:1      | Gained mutation: Spells you cast may paralyse adjacent
                  | enemies. [demonic ancestry]
    64 | D:1      | Reached XP level 2. HP: 23/24 MP: 2/2
   337 | D:1      | Reached skill level 1 in Armour
   363 | D:1      | Reached XP level 3. HP: 27/29 MP: 3/3
   620 | D:2      | Noticed Terence
   665 | D:1      | Slain by Terence

Illustrated notes

Levels and vault maps discovered:
D:1:      shiori_arrival_maze, layout_rooms, minmay_misc_feat_diagonals,
          minmay_crystal_room
D:2:      layout_rooms, fountainhead, solitary_fountain, uniq_terence

Skill      XL: |  1  2 |
---------------+-------+-----
Dodging        | 3 |  3.4
Axes           | 3 |  3.0
Armour         | 1 |  1.0
Fighting       | |  3.0

Action                     || total
---------------------------++-------
  Melee: Hand axe          ||    83
    Use: Potion            ||     1
   Stab: Sleeping          ||     1
 Armour: Robe              ||    13
  Dodge: Dodged            ||    56
  Block: Tower shield      ||    21

Table legend: (Time is in decaauts)
 A = Elapsed time spent in this place.
 B = Non-inter-level travel time spent in this place.
 C = Inter-level travel time spent in this place.
 D = Time resting spent in this place.
 E = Time spent auto-exploring this place.
 F = Levels seen in this place.
 G = Mean time per level.
                   A        B        C        D        E       F      G
               +--------+--------+--------+--------+--------+-----+--------+
         Total |    696 |    689 |      7 |      0 |    438 |   2 |  348.0 |
       Dungeon |    696 |    689 |      7 |      0 |    438 |   2 |  348.0 |
               +--------+--------+--------+--------+--------+-----+--------+

Top non-repeatable levels by time:
     D:1: 619 daAuts
     D:2: 77 daAuts
